 Dungeon Crawl Stone Soup version 0.31-a0-232-gb1c03b2570 (webtiles) character file.

Game seed: 4127254091512150725

60 qw the Shooter (level 4, 0/26 HPs)
             Began as a Gargoyle Hexslinger on July 7, 2023.
             Slain by a kobold
             ... wielding a +0 whip
              (3 damage)
             ... on level 6 of the Dungeon.
             The game lasted 00:00:34 (1168 turns).

qw the Shooter (Gargoyle Hexslinger)                Turns: 1168, Time: 00:00:35

Health: 0/26       AC:  8    Str: 12    XL:     4   Next: 4%
Magic:  5/5        EV: 10    Int: 13    God:
Gold:   11         SH:  0    Dex: 14    Spells: 4/5 levels left

rFire   . . .        Y - +3 sling
rCold   . . .        (no shield)
rNeg    + . .        j - +0 ring mail
rPois   inf          (no helmet)
rElec   +            e - scarf {repulsion}
rCorr   .            (no gloves)
SInv    .            (no boots)
Will    .....        (no amulet)
Stlth   +            (no ring)
HPRegen 0.24/turn    (no ring)
MPRegen 0.09/turn

%: repel missiles
@: about to teleport
A: sickness immunity, AC +3, negative energy resistance 1, electricity
resistance, torment resistance 1, petrification resistance
a: no special abilities


You were on level 6 of the Dungeon.
You visited 1 branch of the dungeon, and saw 4 of its levels.

You collected 11 gold pieces.


Innate Abilities, Weirdness & Mutations

You are immune to sickness and miasma.
Your stone body is resilient. (AC +3)
You are immune to poison.
You resist negative energy. (rN+)
You are resistant to electric shocks. (rElec)
You are resistant to unholy torment.
You are immune to petrification.


   Skills:
 - Level 2.0 Fighting
 + Level 3.9 Ranged Weapons
 - Level 1.5 Dodging
 - Level 1.0 Spellcasting
 - Level 2.6 Hexes


You had 4 spell levels left.
You knew the following spells:

 Your Spells              Type           Power      Damage    Failure   Level
a - Slow                  Hex            28%        N/A       22%         1

Your spell library contained the following spells:

 Spells                   Type           Power      Damage    Failure   Level
 Inner Flame              Hex/Fire       4%         N/A       73%         3
 Portal Projectile        Hex/Tloc       8%         N/A       73%         3
 Cause Fear               Hex            3%         N/A       91%         4

Inventory:

Hand Weapons
 Y - a +3 sling (weapon)
Armour
 e - a scarf of repulsion (worn)
 j - a +0 ring mail (worn)
Scrolls
 a - 2 scrolls of teleportation
 h - a scroll of identify
 i - a scroll of vulnerability {unknown}
Potions
 b - a potion of curing
 c - a potion of enlightenment
 d - a potion of brilliance {unknown}
 f - a potion of resistance {unknown}
 g - a potion of heal wounds {unknown}

Dungeon Overview and Level Annotations

Branches:
Dungeon (6/15)
 Temple: D:4-7

Altars:

Shops:
D:6 ?


Message History

The ufetubus hits you but does no damage.
The kobold hits you but does no damage. x2
The kobold brigand barely misses you. The jelly hits you but does no damage.
The kobold hits you but does no damage.
You shoot a sling bullet.
The sling bullet hits the kobold brigand!
The kobold brigand is heavily wounded.
The ufetubus hits you but does no damage.
The ufetubus barely misses you.
The kobold hits you but does no damage. x2
The kobold brigand barely misses you. The jelly hits you but does no damage.
The kobold hits you with a +0 club. The kobold hits you but does no damage.
The ufetubus barely misses you. The ufetubus closely misses you.
You shoot a sling bullet.
The sling bullet barely misses the kobold brigand.
The ufetubus hits you but does no damage.
The ufetubus barely misses you. The kobold hits you with a +0 whip.
The kobold brigand completely misses you.
The kobold hits you but does no damage. The jelly hits you but does no damage.
The kobold closely misses you. The kobold hits you but does no damage.
The ufetubus hits you. x2; The jelly closely misses you.
The kobold hits you with a +0 club. The kobold barely misses you.
The kobold brigand barely misses you. The kobold misses you.
The kobold closely misses you.
1167 ||| READING 3 scrolls of teleportation.
As you read the scroll of teleportation, it crumbles to dust.
You feel strangely unstable. The ufetubus barely misses you.
The ufetubus hits you but does no damage.
The kobold hits you but does no damage. x2
The kobold brigand hits you with a +0 short sword.
The kobold misses you. The jelly hits you but does no damage.
The kobold hits you but does no damage.
The ufetubus hits you but does no damage.
The ufetubus barely misses you.
You shoot a sling bullet.
The sling bullet hits the kobold brigand.
The kobold brigand is severely wounded.
The ufetubus hits you but does no damage.
The ufetubus barely misses you. The kobold hits you with a +0 whip.
You die...

...######
.........
...#.....
#......## .
#...... # ..
#.....###.##.. .
...##....KJ5......
..
........K@KK.....
...
###.>...KK......
... ##............
.. ##(..#~~¤~.....
#.##..#..¤.¤~.....
#....####~~~~.....
###### ##........
#........ ......


You could see a kobold brigand, a jelly, an ufetubus and 5 kobolds.

Vanquished Creatures
  2 adders (D:2)
  5 bats
  3 endoplasms
  3 giant cockroaches (D:1)
  2 goblins (D:1)
  4 hobgoblins
  3 jackals (D:2)
  3 quokkas
  2 ball pythons
  4 frilled lizards
  6 kobolds
  2 rats (D:1)
39 creatures vanquished.

Notes
Turn   | Place    | Note
-------+----------+-------------------------------------------
     0 | D:1      | qw the Gargoyle Hexslinger began the quest for the Orb.
     0 | D:1      | Reached XP level 1. HP: 12/12 MP: 2/2
     0 | D:1      | 0 ||| qw: Version: 0.3-a-46-gb1f654a
     0 | D:1      | 0 ||| qw: Game counter: 2454
     0 | D:1      | 0 ||| qw: Melee chars always use a shield: true
     0 | D:1      | 0 ||| qw: God list: Okawaru
     0 | D:1      | 0 ||| qw: Allow faded altars: false
     0 | D:1      | 0 ||| qw: Do Orc after clearing Dungeon:15 true
     0 | D:1      | 0 ||| qw: Do second Lair branch before Depths: true
     0 | D:1      | 0 ||| qw: Lair rune preference: random
     0 | D:1      | 0 ||| qw: Goals: Normal
     0 | D:1      | 0 ||| PLANNING D:1-11
   107 | D:1      | Reached XP level 2. HP: 16/16 MP: 3/3
   174 | D:1      | Reached skill level 3 in Ranged Weapons
   562 | D:1      | 562 ||| UPGRADING to scarf of repulsion.
   567 | D:1      | 567 ||| UPGRADING to +0 leather armour.
   577 | D:1      | 577 ||| DROPPING +0 robe.
   578 | D:1      | 578 ||| UPGRADING to +0 ring mail.
   588 | D:1      | 588 ||| DROPPING +0 leather armour.
   589 | D:1      | 589 ||| READING 2 scrolls labelled NIDESA SUXOEJ.
   590 | D:1      | 590 ||| READING scroll of enchant weapon.
   590 | D:1      | 590 ||| ENCHANTING +2 sling.
   591 | D:1      | 591 ||| READING scroll labelled XURUBR BOLOJ.
   595 | D:1      | 595 ||| READING 2 scrolls labelled NIAG TADAIR.
   596 | D:1      | 596 ||| READING scroll labelled OCAW ZUCYBBUTTU.
   597 | D:1      | 597 ||| DROPPING scroll of poison.
   630 | D:2      | Reached XP level 3. HP: 21/21 MP: 4/4
   930 | D:2      | Reached XP level 4. HP: 26/26 MP: 5/5
  1010 | D:2      | 1010 ||| READING 3 scrolls of identify.
  1010 | D:2      | 1010 ||| IDENTIFYING murky brown potion
  1011 | D:2      | 1011 ||| READING 2 scrolls of identify.
  1011 | D:2      | 1011 ||| IDENTIFYING bubbling purple potion
  1148 | D:3      | You fall into a shaft and drop 3 floors!
  1152 | D:6      | Found Linaog's Magic Scroll Boutique.
  1158 | D:6      | Noticed a kobold brigand
  1166 | D:6      | HP: 5/26 [kobold/+0 club (4)]
  1167 | D:6      | 1167 ||| READING 3 scrolls of teleportation.
  1168 | D:6      | Slain by a kobold

Levels and vault maps discovered:
D:1:      giann_forest_graveyard, layout_basic
D:2:      layout_rooms, grunt_ministairs_5
D:3:      layout_loops_corners
D:6:      layout_rooms, grunt_ashenzari_visionary
          [grunt_ashenzari_visionary_shoals, grunt_ashenzari_visionary_spider],
          minmay_temple_entry_ruins, serial_shops, nicolae_shop_peninsula, shop,
          uniq_prince_ribbit1

Skill      XL: |  1  2 |
---------------+-------+-----
Ranged Weapons | 3 |  3.9
Fighting       | 2 |  2.0
Dodging        | |  1.5
Spellcasting   | |  1.0
Hexes          | |  2.6

Action                     |  1- 3 |  4- 6 || total
---------------------------+-------+-------++-------
   Fire: Sling             |    89 |    18 ||   107
    Use: Scroll            |     5 |     3 ||     8
 Armour: Robe              |     3 |       ||     3
         Ring mail         |     8 |    32 ||    40
  Dodge: Dodged            |    19 |    28 ||    47

Table legend:
 A = Non-vault XP
 B = Vault XP
 C = Vault XP percentage of total XP
 D = Non-vault monster count
 E = Vault monster count
 F = Vault count percentage of total count
                 A         B        C        D         E       F
            +---------+---------+-------+---------+---------+-------
      Total |      82 |       4 |   4.7 |      37 |       2 |   5.1
            +---------+---------+-------+---------+---------+-------
        D:1 |      32 |       0 |   0.0 |      20 |       0 |   0.0
        D:2 |      49 |       4 |   7.5 |      16 |       2 |  11.1
        D:3 |       1 |       0 |   0.0 |       1 |       0 |   0.0
            +---------+---------+-------+---------+---------+-------
